Unix xNetHack Version 7.1.0 - last build Jul 19 2022 04:02:08 (a8c4666137c2c631a57c77f6261166d76d9e3895). Game began 2022-07-21 10:15:56, ended 2022-07-21 11:05:52. Raisse, neutral female gnomish Wizard -- . -. . -.| ----... |...-..| | ....... ----- ..| ...... --).[?.| ....--.o----- -..|fG-- -..)-- --..-- |...--- |.....| |....<| ---..-- |..| ---- Raisse the Conjurer St:11 Dx:14 Co:12 In:18 Wi:11 Ch:11 Neutral Dlvl:6 $:101 HP:0(36) Pw:51(59) AC:6 Xp:5/164 T:2503 Latest messages: Raisse's ghost pursues you! You climb up the stairs. You hear some noises. You hear some noises in the distance. Raisse's ghost fades from view. A ghost appears out of nowhere! You are frightened to death, and unable to move. You stop waiting. You regain your composure. A ghost appears out of nowhere! You are frightened to death, and unable to move. You regain your composure. Raisse's ghost fades from view. You descend the stairs. You see here a crude dagger. You hear some noises. You kill Thosai-ruk of Othuza! Welcome to experience level 5. There are several objects here. You hear someone cursing shoplifters. Y - a milky potion {20}. Z - a hexagonal wand {7}. b - a mithril visored helmet {18}. You see here a dagger. You stab the orc-captain! The orc-captain thrusts his broad short sword. The orc-captain gores you! The orc-captain thrusts his broad short sword. The orc-captain impales you! There are several objects here. You see here a crude dagger. Poes picks up a dagger. Are you sure you want to pray? [yn] (n) y You begin praying to Thoth. You are surrounded by a shimmering light. Poes drops a dagger. You finish your prayer. You feel that Thoth is well-pleased. You feel much better. The orc-captain thrusts his broad short sword. The orc-captain gores you! The orc-captain thrusts his broad short sword. The orc-captain stabs you! In what direction? u Boing! The orc-captain thrusts his broad short sword. The orc-captain gores you! You die... Do you want your possessions identified? [ynq] (y) y Do you want to see your attributes? [ynq] (y) q Major events: Turn 1: Raisse the neutral female gnomish Wizard entered the dungeon 606: entered the Gnomish Mines 993: attained the rank of Conjurer (level 3) 2333: reached Mine Town 2503: killed by an orc-captain Inventory: Inventory: 584/625 weight (31/52 slots) Coins $ - 101 gold pieces {1} Weapons a - an uncursed +2 elven dagger (weapon in hand) {10} u - 6 blessed +2 orcish arrows {6} I - 10 uncursed +1 darts {10} K - an uncursed +0 orcish dagger (alternate weapon; not wielded) {10} L - 4 uncursed +0 darts {4} O - an uncursed +0 dagger {10} Armor b - a cursed +0 mithril helmet {18} A - an uncursed +0 plastic studded armor (being worn) {200} C - an uncursed +0 cloak of magic resistance (being worn) {8} Scrolls k - an uncursed scroll of remove curse {5} m - a cursed scroll of teleportation {5} v - an uncursed scroll of confuse monster {5} z - an uncursed scroll of earth {5} V - an uncursed scroll of enchant armor {5} X - an uncursed scroll of identify {5} Potions i - an uncursed potion of monster detection {20} n - an uncursed potion of sickness {20} r - an uncursed potion of hallucination {20} s - a cursed potion of blindness {20} H - an uncursed potion of booze {20} U - an uncursed potion of sleeping {20} Y - a cursed potion of full healing {20} Rings t - an uncursed ring of slow digestion {3} Wands D - an uncursed wand of cold (0:6) {7} Z - an uncursed wand of striking (0:2) {7} Tools h - an uncursed towel {5} w - an uncursed mithril magic whistle {2} E - a cursed gold horn of plenty (0:16) {86} J - an uncursed leash {12} R - a cursed skeleton key {3} S - an uncursed leash {12} Raisse the Wizard's attributes: Background: You were a Conjurer, a level 5 female gnomish Wizard. You were neutral, on a mission for Thoth who was opposed by Ptah (lawful) and Anhur (chaotic). You were bisexual. You were in the Gnomish Mines, on level 6. You entered the dungeon 2503 turns ago. You had 164 experience points, 156 more were needed to attain level 6. Basics: You had 0 out of 36 hit points. You had 51 out of 59 energy points (spell power). Your armor class was 6. Your wallet contained 101 zorkmids. Autopickup was off. Final Characteristics: Your strength was 11 (limit:18/50). Your dexterity was 14 (limit:18). Your constitution was 12 (limit:18). Your intelligence was 18 (limit:19). Your wisdom was 11 (limit:18). Your charisma was 11 (limit:18). Final Status: You were not hungry. You were unencumbered. You were wielding a dagger. You had basic skill with dagger. Final Attributes: You were piously aligned. You were magic-protected. You had infravision. You were warded. You are dead. Miscellaneous: You encountered 1 bones level. Total elapsed playing time was 49 minutes and 56 seconds. Vanquished creatures: a leprechaun a rock mole a shrieker 3 giant ants a floating eye 4 dwarves a kobold leader an iguana 2 acid blobs 3 hobbits 2 giant rats 2 brown molds a green mold a red mold 7 gnomes 3 geckos 4 jackals a fox 2 goblins a sewer rat 4 lichens a kobold zombie 6 newts 53 creatures vanquished. No species were genocided or became extinct. Voluntary challenges: You read items or engraved 6 times. You never genocided any monsters. You never polymorphed an object. You never changed form. You never touched an artifact. You used no wishes. You never scared an enemy with impunity. You were celibate. You never generated conflict. Achievements: You entered the Gnomish Mines. You attained the rank of Conjurer. You entered Minetown. The Dungeons of Doom: levels 1 to 3 Level 1: A tree. Level 2: "spb" Stairs down to The Gnomish Mines. Level 3: The Gnomish Mines: levels 3 to 6 Level 3: Level 4: Level 5: Level 6: <- You were here. A grave. Final resting place for you, killed by an orc-captain, Raisse-Wiz-Gno-Fem-Neu, killed by an orc-captain, while praying, Raisse-Wiz-Gno-Fem-Neu, killed by a hill orc called Ogothagor of Othuza. Game over: __________ / \ / REST \ / IN \ / PEACE \ / \ | Raisse | | 101 Au | | killed by an | | orc-captain | | | | | | 2022 | *| * * * | * _________)/\\_//(\/(/\)/\//\/|_)_______ Goodbye Raisse the Wizard... You died in The Gnomish Mines on dungeon level 6 with 997 points, and 101 pieces of gold, after 2503 moves. You were level 5 with a maximum of 36 hit points when you died.